 Dungeon Crawl Stone Soup version 0.19.1 (webtiles) character file.

675 Millan the Shield-Bearer (level 7, -2/56 HPs)
             Began as a Formicid Fighter on Nov 30, 2016.
             Was an Initiate of Qazlal.
             Killed from afar by a steam dragon (20 damage)
             ... with a ball of steam
             ... on level 5 of the Dungeon.
             The game lasted 00:06:43 (3494 turns).

Millan the Shield-Bearer (Formicid Fighter)         Turns: 3494, Time: 00:06:44

Health: -2/56      AC:  7    Str: 23    XL:     7   Next: 91%
Magic:  7/7        EV:  9    Int:  7    God:    Qazlal [......]
Gold:   302        SH: 10    Dex: 10    Spells: 0 memorised, 6 levels left

rFire  . . .     SeeInvis +     a - +0 war axe
rCold  . . .     Gourm    .     b - +0 scale mail
rNeg   . . .     Faith    .     c - +0 shield
rPois  .         Spirit   .     (helmet unavailable)
rElec  .         Reflect  .     (no cloak)
rCorr  .         Harm     .     (no gloves)
MR     .....                    (no boots)
Stlth  ..........               (no amulet)
                                (no ring)
                                (no ring)

@: no status effects
A: permanent stasis, dig shafts and tunnels, four strong arms, antennae 3
a: Dig, Shaft Self, Renounce Religion


You were on level 5 of the Dungeon.
You worshipped Qazlal.
Qazlal was noncommittal.
You were not hungry.

You visited 1 branch of the dungeon, and saw 5 of its levels.

You collected 302 gold pieces.

Inventory:

Hand Weapons
 a - a +0 war axe (weapon)
Armour
 b - a +0 scale mail (worn)
 c - a +0 shield (worn)
Wands
 y - a wand of acid (9/15)
Scrolls
 e - 5 scrolls of identify {unknown}
 h - 2 scrolls of recharging {unknown}
 i - 2 scrolls of random uselessness {unknown}
 j - a scroll of enchant weapon {unknown}
 l - 8 scrolls of remove curse {unknown}
 m - 2 scrolls of fog {unknown}
 p - a scroll of enchant armour {unknown}
 q - a scroll of magic mapping {unknown}
 x - a scroll of blinking {unknown}
 B - a scroll of fear {unknown}
Potions
 d - a potion of might
 n - 3 potions of brilliance {unknown}
 r - a potion of heal wounds {unknown}
 t - a potion of flight {unknown}
 u - a potion of curing {unknown}
 w - a potion of mutation {unknown}
 z - a potion of lignification {unknown}
 A - a potion of cancellation {unknown}
Books
 s - a book of Misfortune

   Spells                             Type                      Level
   a - Confusing Touch                Hexes                        1
   b - Confuse                        Hexes                        3
   c - Gell's Gravitas                Hexes/Translocation          3
   d - Petrify                        Transmutation/Earth          4
   e - Metabolic Englaciation         Hexes/Ice                    5
   f - Yara's Violent Unravelling     Hexes/Transmutation          5
 v - Fougaha's Reference Book on Creative Good Luck
   (You found it on level 4 of the Dungeon)

   Spells                             Type                      Level
   a - Call Canine Familiar           Summoning                    3
   b - Iskenderun's Battlesphere      Conjuration/Charms           5
   c - Malign Gateway                 Summoning/Translocation      7
Comestibles
 f - 3 bread rations
 k - 2 meat rations
 o - 5 fruits


   Skills:
 + Level 5.2 Fighting
 + Level 4.0 Axes
 + Level 5.2 Armour
 * Level 6.9 Shields


You had 6 spell levels left.
You didn't know any spells.

Dungeon Overview and Level Annotations

Branches:
Dungeon (5/15)
 Temple: D:4-7

Altars:
Elyvilon
Fedhas
Qazlal
Sif Muna
Trog


Innate Abilities, Weirdness & Mutations

You are under a permanent stasis effect.
You can dig through walls and to a lower floor.
Your four strong arms can wield two-handed weapons with a shield.
You have a pair of large antennae on your head. (SInv)


Message History

The steam dragon is moderately wounded.
The steam dragon barely misses you. The steam dragon claws you.
You hit the steam dragon but do no damage.
The steam dragon is moderately wounded.
The steam dragon bites you.
The steam dragon claws you but does no damage.
You slash the steam dragon!
The steam dragon is heavily wounded.
You block the steam dragon's attack. x2
The steam dragon breathes steam at you. The ball of steam hits you!
An adder skeleton comes into view.
Your shield and scale mail prevent you from hitting the steam dragon.
The steam dragon is heavily wounded.
The steam dragon bites you. You block the steam dragon's attack.
You hit the steam dragon but do no damage.
The steam dragon is heavily wounded.
The steam dragon breathes steam at you. The ball of steam hits you!
You die...

#.######## #.# ##
.........# #.# #.
########.###.###.
#.........
###########...#####. ..
.......<........ #.
#.#####...#####.
##.###D##.######.## #.
#...Z..@.....##.#.## #.
#..###.##.##.#.###.####.
#. #.##..## ##..... #.
#.##.#.###.####. #.
#.##.##.#.## #. #.
..........# ..
...#.####.# #. #..#.#
#.# #..#.# #.#


You could see a steam dragon and an adder skeleton.

Vanquished Creatures
  Sigmund (D:4)
  2 centaurs
  A hound (D:4)
  3 orc wizards
  A bullfrog skeleton (D:5)
  2 iguanas
  Terence (D:2)
  A worker ant (D:4)
  6 adders
  A shadow imp (D:4)
  3 worms
  2 dart slugs
  2 leopard geckos
  5 orcs
  5 giant cockroaches
  7 hobgoblins
  A jackal (D:1)
  2 quokkas
  7 bats
  4 frilled lizards
  5 goblins
  A jackal skeleton (D:4)
  2 kobolds
  7 rats
72 creatures vanquished.

Notes
Turn   | Place    | Note
-------+----------+-------------------------------------------
     0 | D:1      | Millan the Formicid Fighter began the quest for the Orb.
     0 | D:1      | Reached XP level 1. HP: 18/18 MP: 1/1
   203 | D:1      | Reached XP level 2. HP: 14/24 MP: 2/2
   715 | D:2      | Found a white marble altar of Elyvilon.
   717 | D:2      | Found a deep blue altar of Sif Muna.
   718 | D:2      | Found a bloodstained altar of Trog.
   774 | D:2      | Reached XP level 3. HP: 27/30 MP: 3/3
   782 | D:2      | Noticed Terence
   789 | D:2      | Killed Terence
   789 | D:2      | Reached skill level 4 in Shields
   789 | D:2      | Reached XP level 4. HP: 33/37 MP: 4/4
  1517 | D:3      | Reached XP level 5. HP: 40/42 MP: 5/5
  1522 | D:3      | Reached skill level 5 in Shields
  2008 | D:3      | Reached XP level 6. HP: 49/49 MP: 6/6
  2215 | D:4      | Found a blossoming altar of Fedhas.
  2220 | D:4      | Found a stormy altar of Qazlal.
  2232 | D:4      | Became a worshipper of Qazlal Stormbringer
  2314 | D:4      | Identified Fougaha's Reference Book on Creative Good Luck
  2471 | D:4      | Noticed Sigmund
  2487 | D:4      | Killed Sigmund
  2487 | D:4      | Reached skill level 5 in Fighting
  2487 | D:4      | Reached skill level 6 in Shields
  2487 | D:4      | Reached XP level 7. HP: 26/56 MP: 7/7
  2978 | D:5      | Entered Level 5 of the Dungeon
  2991 | D:5      | Reached skill level 5 in Armour
  3488 | D:5      | Noticed a steam dragon
  3494 | D:5      | Killed from afar by a steam dragon

Skill      XL: |  1  2  3  4  5  6  7 |
---------------+----------------------+-----
Shields        | 4 5 6 |  6.9
Fighting       | 4 5 |  5.2
Armour         | 4 5 |  5.2
Axes           | 3 4 |  4.0

Action                   |  1- 3 |  4- 6 |  7- 9 || total
-------------------------+-------+-------+-------++-------
Melee: War axe           |    62 |   172 |    53 ||   287
 Abil: Dig               |       |     1 |     1 ||     2
  Eat: Chunk             |       |     6 |     3 ||     9
Armor: Scale mail        |    34 |    59 |     9 ||   102
Dodge: Dodged            |    23 |    56 |    22 ||   101
Block: Shield            |    48 |   108 |    23 ||   179
